 Dungeon Crawl Stone Soup version 0.18.1-1-g2f07953 (webtiles) character file.

350 Locuples the Covert (level 6, -5/52 HPs)
             Began as a Naga Assassin on May 6, 2016.
             Slain by a gnoll
             ... wielding a +0 halberd
              (15 damage)
             ... on level 4 of the Dungeon.
             The game lasted 00:10:50 (3051 turns).

Locuples the Covert (Naga Assassin)                 Turns: 3051, Time: 00:10:50

Health: -5/52      AC:  4    Str: 14    XL:     6   Next: 61%
Magic:  6/6        EV:  4    Int: 11    God:
Gold:   164        SH:  0    Dex: 14    Spells: 0 memorised, 5 levels left

rFire  . . .     SeeInvis +     q - +4 dagger
rCold  . . .     Gourm    .     c - +0 robe
rNeg   . . .     Faith    .     (no shield)
rPois  +         Spirit   .     (no helmet)
rElec  .         Dismiss  .     p - +0 cloak
rCorr  .         Reflect  .     (no gloves)
SustAt .         Harm     .     (no barding)
MR     .....                    (no amulet)
Stlth  +++++.....               (no ring)
                                (no ring)

@: very slow, not resistant to hostile enchantments, quite stealthy
A: see invisible, deformed body, poison resistance, slowness 2, slow metabolism
1, spit poison 2, AC +2
a: Spit Poison


You were on level 4 of the Dungeon.
You were very hungry.

You visited 1 branch of the dungeon, and saw 4 of its levels.

You collected 164 gold pieces.

Inventory:

Hand Weapons
 b - a +0 blowgun
 q - a +4 dagger (weapon)
Missiles
 e - 8 poisoned needles
 f - 2 curare-tipped needles
Armour
 c - a +0 robe (worn)
 p - a +0 cloak (worn)
Scrolls
 a - a scroll of amnesia {unknown}
 d - a scroll of blinking {unknown}
 h - a scroll of identify {unknown}
 i - 2 scrolls of enchant weapon {unknown}
 k - a scroll of noise {unknown}
 m - a scroll of magic mapping {unknown}
 n - a scroll of remove curse {unknown}
 o - a scroll of enchant armour {unknown}
Potions
 t - a potion of lignification
Comestibles
 g - 5 bread rations
 j - 4 meat rations
 l - 3 beef jerkies
 r - 4 fruits


   Skills:
 - Level 2.0 Fighting
 - Level 2.0 Short Blades
 - Level 1.7 Throwing
 - Level 0.7 Dodging
 + Level 11.5 Stealth


You had 5 spell levels left.
You didn't know any spells.

Dungeon Overview and Level Annotations

Branches:
Dungeon (4/15)
 Temple: D:4-7

Altars:


Innate Abilities, Weirdness & Mutations

You cannot wear boots.
Your serpentine skin is tough (AC +2).
You have supernaturally acute eyesight.
Armour fits poorly on your strangely shaped body.
Your system is resistant to poisons.
You cover ground very slowly.
You have a slow metabolism.
You can spit poison.


Message History

You kill the sky beast!
Your Stealth skill increases to level 11!
The gnoll hits you from afar with a halberd.
The gnoll hits you with a halberd!
A gnoll comes into view. It is wielding a club.
You completely miss the gnoll. The gnoll hits you with a halberd!
* * * LOW HITPOINT WARNING * * *
The gnoll closely misses you.
You have got your breath back.
The gnoll closely misses you. The gnoll barely misses you.
Found a stone staircase leading down.
The gnoll closely misses you. The gnoll barely misses you.
The gnoll barely misses you. 2 orcs come into view.
There is a stone staircase leading down here.
The orc shouts!
The gnoll hits you from afar with a halberd!
You die...

.....#......# .
... ##?....# .
. #.....# .
#....o# .
#.....# #
###+#.# #.g.#
##.g#####.. .
#..@....... .
#.......... .
#..........
............
.............
...............
...............
#####.......o.o


You could see 2 gnolls and 3 orcs.

Vanquished Creatures
  A sky beast (D:4)
  A scorpion (D:4)
  An orc priest (D:4)
  An orc wizard (D:4)
  Jessica (D:2)
  6 adders
  2 worms
  A dart slug (D:1)
  2 giant geckos (D:2)
  6 orcs
  2 giant cockroaches (D:1)
  3 goblins
  8 hobgoblins
  9 jackals
  5 kobolds
  A quokka (D:3)
  7 bats
  A giant newt (D:3)
  8 rats
66 creatures vanquished.

Notes
Turn   | Place    | Note
--------------------------------------------------------------
     0 | D:1      | Locuples the Naga Assassin began the quest for the Orb.
     0 | D:1      | Reached XP level 1. HP: 19/19 MP: 1/1
    41 | D:1      | Reached skill level 6 in Stealth
   396 | D:1      | Reached XP level 2. HP: 26/26 MP: 2/2
   706 | D:1      | Reached skill level 7 in Stealth
   816 | D:1      | Reached XP level 3. HP: 29/32 MP: 3/3
   913 | D:2      | Noticed Jessica
   917 | D:2      | Killed Jessica
   917 | D:2      | Reached skill level 8 in Stealth
   917 | D:2      | Reached XP level 4. HP: 39/39 MP: 4/4
  1847 | D:3      | Reached skill level 9 in Stealth
  2420 | D:3      | Reached XP level 5. HP: 45/45 MP: 5/5
  2589 | D:4      | Reached skill level 10 in Stealth
  2896 | D:4      | Reached XP level 6. HP: 32/52 MP: 6/6
  3015 | D:4      | Noticed a sky beast
  3035 | D:4      | Killed a sky beast
  3035 | D:4      | Reached skill level 11 in Stealth
  3051 | D:4      | Slain by a gnoll

Skill      XL: |  1  2  3  4  5  6 |
---------------+-------------------+-----
Stealth        | 6 7 8 9 10 11 | 11.5
Fighting       | |  2.0
Short Blades   | |  2.0
Throwing       | |  1.7
Dodging        | |  0.7

Action                   |  1- 3 |  4- 6 || total
-------------------------+-------+-------++-------
Melee: Dagger            |    59 |   127 ||   186
 Abil: Spit Poison       |       |    17 ||    17
  Use: Potion            |       |     1 ||     1
 Stab: Sleeping          |     8 |    12 ||    20
       Distracted        |       |     1 ||     1
  Eat: Chunk             |       |     5 ||     5
Armor: Robe              |    17 |    39 ||    56
       Skin              |       |    43 ||    43
Dodge: Dodged            |    28 |    84 ||   112
